cohdb
Replays
Latest Replays
All Replays
Popular Replays
Top Player Replays
Match Explorer
How It Works
Community
CoH3 Stats
Reddit
Sign in to upload your games and track your stats! →
Sign in with Steam
Match 43069531
Unlisted
Match 43069531
Overview
Messages
Build Orders
End
Kradschützen Motorcycle Team
Selects Panzerjäger Kommand Battlegroup
Selects Mine Fields
Panzergrenadier Squad
Panzergrenadier Squad
Construct Light Support Kompanie
Construct Mechanized Kompanie
Veteran Squad Leaders
Vehicle Survival Package
Selects GrB 39 Grenade Launcher Requisition
Assault Mechanized Group
8 Rad Armored Car
Marder III Tank Destroyer
Support Armor Elements
Marder III Tank Destroyer
Selects Early Warning
Selects Butterfly Bomb Drop
StuG III D Assault Gun
Butterfly Bomb Drop
Flakvierling Half-track
Emergency Repair Kits
8 Rad Armored Car
Selects Crew Shock Tactics
Marder III Tank Destroyer
Butterfly Bomb Drop
Panzergrenadier Squad
254 Reconnaissance Tractor
Rapid Advance
StuG III D Assault Gun
Advanced Optics
Flakvierling Half-track
18-tonne Recovery Half-track
Tungsten Core Ammunition
Flakvierling Half-track
Butterfly Bomb Drop
18-tonne Recovery Half-track
Panzergrenadier Squad
Panzergrenadier Squad
Early Warning
Panzerpioneer Squad
Panzerpioneer Squad
Flakvierling Half-track
Bosman
B nice
simranjitsingh713
实践
GATE
투포
Peaky Blinders
Dudulu
0
0
Comments
sign in to comment!
No comments posted yet!